 Dungeon Crawl Stone Soup version 0.17.1-1-g73c8601 (webtiles) character file.

227108 xeno23 the Fencer (level 19, -5/182 HPs)
             Began as a Naga Gladiator on Dec 17, 2015.
             Was the Champion of Cheibriados.
             Slain by a tentacle (14 damage)
             ... attached to a kraken
             ... on level 3 of the Shoals on Dec 31, 2015.
             The game lasted 03:00:45 (29261 turns).

xeno23 the Fencer (Naga Gladiator)                 Turns: 29261, Time: 03:00:50

Health: -5/182     AC: 32    Str: 40    XL:     19   Next: 37%
Magic:  23/26      EV: 17    Int: 30    God:    Cheibriados [******]
Gold:   243        SH:  0    Dex: 41    Spells: 7 memorised, 11 levels left

rFire  + . .     SeeInvis +     a - +6 triple sword (elec)
rCold  . . .     Clarity  +     S - +2 plate armour of Decompression {Int+4 Dex+5}
rNeg   . . .     SustAt   .     (shield currently unavailable)
rPois  +         Gourm    .     (helmet restricted)
rElec  +         Spirit   .     E - +2 cloak "Zilleu" {rElec Dex+2}
rCorr  .         Warding  .     s - +2 pair of gloves {Dex+3}
rMut   .         Stasis   .     R - +1 naga barding {Fly}
MR     ++...                    l - amulet of regeneration
Stlth  ..........               z - ring of protection from fire
                                j - +4 ring of strength

@: flying, regenerating, very slow, very resistant to hostile enchantments,
extremely unstealthy
A: horns 1, see invisible, clarity, deformed body, low mp 1, poison resistance,
slowness 2, slow metabolism 1, spit poison 3, strong 1, wild magic 1, constrict
1, AC +6
a: Breathe Poison Gas, Bend Time, Temporal Distortion, Slouch, Step From Time,
Renounce Religion, Stop Flying
}: 1/15 runes: serpentine


You were on level 3 of the Shoals.
You worshipped Cheibriados.
Cheibriados was exalted by your worship.
You were hungry.

You visited 6 branches of the dungeon, and saw 30 of its levels.
You also visited: Ossuary and Ice Cave.

You collected 3292 gold pieces.
You spent 3049 gold pieces at shops.

Inventory:

Hand Weapons
 a - a +6 triple sword of electrocution (weapon)
 b - a +4 scimitar of flaming
Missiles
 U - 5 javelins (quivered)
Armour
 k - a +0 shield
 s - a +2 pair of gloves of dexterity (worn)
 E - the +2 cloak "Zilleu" (worn) {rElec Dex+2}
   (You found it on level 3 of the Lair of Beasts)

   It affects your dexterity (+2).
   It insulates you from electricity.
 R - a +1 naga barding of flying (worn)
 S - the +2 plate armour of Decompression (worn) {Int+4 Dex+5}
   (You found it in an ice cave)

   It affects your intelligence (+4).
   It affects your dexterity (+5).
Jewellery
 h - an uncursed ring of protection from magic
 j - a +4 ring of strength (left hand)
 l - an amulet of regeneration (around neck)
 z - a ring of protection from fire (right hand)
 I - an uncursed amulet of stasis
Wands
 A - a wand of teleportation (2)
 G - a wand of slowing (9)
 M - a wand of disintegration (10)
 O - a wand of digging (9)
 Q - a wand of heal wounds (4)
 W - a wand of draining (2)
Scrolls
 i - 3 scrolls of amnesia
 q - 4 scrolls of magic mapping
 t - 9 scrolls of remove curse
 v - 3 scrolls of teleportation
 x - 4 scrolls of recharging
 y - a scroll of brand weapon
 B - 4 scrolls of immolation
 D - 2 scrolls of holy word
 H - 4 scrolls of fog
 J - 4 scrolls of enchant armour
 T - 4 scrolls of fear
 X - 2 scrolls of summoning
 Y - 2 scrolls of identify
Potions
 f - 2 potions of brilliance
 g - 2 potions of invisibility
 m - 14 potions of curing
 n - 6 potions of heal wounds
 r - 3 potions of resistance
 u - 4 potions of agility
 w - a potion of cancellation
 L - 2 potions of might
 P - a potion of magic
Books
 K - a book of the Earth

   Spells                             Type                      Level
   a - Leda's Liquefaction            Hexes/Earth                  4
   b - Bolt of Magma                  Conjuration/Fire/Earth       5
   c - Statue Form                    Transmutation/Earth          6
   d - Iron Shot                      Conjuration/Earth            6
   e - Shatter                        Earth                        9
Miscellaneous
 c - a phantom mirror
Comestibles
 d - 18 royal jellies
 e - 17 bread rations
 o - 36 fruits
 p - 12 meat rations
 F - a beef jerky


   Skills:
 - Level 14.1 Fighting
 + Level 15.3 Long Blades
 - Level 1.8 Throwing
 - Level 11.5 Armour
 - Level 10.3 Dodging
 - Level 3.1 Shields
 - Level 7.0 Spellcasting
 - Level 8.0 Conjurations
 - Level 6.0 Charms
 - Level 3.0 Necromancy
 - Level 6.0 Translocations
   Level 7.5 Transmutations
 - Level 9.9 Ice Magic
 - Level 1.5 Air Magic
 + Level 11.2 Invocations


You had 11 spell levels left.
You knew the following spells:

 Your Spells              Type           Power        Failure   Level  Hunger
b - Summon Butterflies    Summ           ###.....     34%         1    None
d - Freezing Cloud        Conj/Ice/Air   ######....   100%        6    ######.
e - Regeneration          Chrm/Necr      ######....   22%         3    None
f - Apportation           Tloc           ######....   5%          1    None
g - Blink                 Tloc           N/A          7%          2    None
r - Repel Missiles        Chrm/Air       #####.       16%         2    None
w - Bolt of Cold          Conj/Ice       #######...   90%         6    ######.


Dungeon Overview and Level Annotations

Branches:
Dungeon (10/15)            Temple (1/1) D:5            Lair (8/8) D:10
 Shoals (3/4) Lair:6        Snake (4/4) Lair:5        Slime (0/6) Lair:7
    Orc (4/4) D:10            Elf (0/3) Orc:4

Altars:
Ashenzari
Cheibriados
Dithmenos
Elyvilon
Fedhas
Gozag
Kikubaaqudgha
Makhleb
Nemelex Xobeh
Okawaru
Qazlal
Ru
Sif Muna
Trog
Vehumet
Xom
Yredelemnul
Zin
The Shining One
Beogh

Shops:
D:8 [   Orc:1 %   Orc:4 }:*[   Shoals:2 *

Annotations:
D:9 2 runed doors, exclusion: ice statue
Lair:7 exclusion: 3 oklob plants


Innate Abilities, Weirdness & Mutations

You cannot wear boots.
Your serpentine skin is tough (AC +6).
You have supernaturally acute eyesight.
Armour fits poorly on your strangely shaped body.
Your system is resistant to poisons.
You cover ground very slowly.
You have a slow metabolism.
You can exhale a cloud of poison.
You can use your snake-like lower body to constrict enemies.
You have a pair of small horns on your head.
You possess an exceptional clarity of mind.
Your magical capacity is low (-10% MP).
Your muscles are strong. (Str +2)
Your spells are a little harder to cast, but a little more powerful.


Message History

You hit the tentacle.
There is a sudden explosion of sparks!
The tentacle is severely wounded.
You constrict the tentacle!
The tentacle slaps you but does no damage.
The tentacle slaps you!
* * * LOW HITPOINT WARNING * * *
A tentacle rises from the water!
The tentacle barely misses you. The tentacle closely misses you.
The tentacle slaps you but does no damage.
The kraken squirts a massive cloud of ink into the water!
The tentacle slaps you but does no damage.
You take 7 damage.
You slice the tentacle!!
You kill the tentacle!
The tentacle slaps you but does no damage.
The tentacle slaps you!
* * * LOW HITPOINT WARNING * * *
The kraken squirts a massive cloud of ink into the water!
The tentacle barely misses you. The tentacle slaps you!
You die...

≈≈≈≈≈≈≈≈≈≈≈≈≈≈≈
≈≈≈≈≈≈≈≈≈≈≈≈≈≈≈≈
≈≈≈≈≈≈≈≈≈≈≈≈≈≈≈≈≈≈≈≈≈≈≈≈≈
≈≈≈≈≈≈≈≈≈≈≈≈≈≈≈≈≈≈≈≈≈≈≈≈≈
≈≈≈≈≈≈≈≈≈≈≈≈≈≈≈≈≈≈≈≈≈≈≈≈≈
≈≈≈≈≈≈≈≈≈≈≈≈≈≈§§§§≈≈≈≈≈≈≈
≈≈≈≈≈≈≈≈≈≈≈≈≈≈§w§§≈≈≈≈≈≈≈
≈≈≈≈≈≈≈≈≈≈≈≈≈≈§X@§≈≈≈≈≈≈≈
≈≈≈≈..≈≈≈≈≈≈≈≈§w§§§≈≈≈≈≈≈
≈≈≈....≈≈≈≈≈≈≈§w§§≈≈≈≈≈≈≈
≈≈P..#..≈≈≈≈≈≈≈≈≈≈§≈≈≈≈≈≈
≈≈≈≈....≈≈≈≈≈≈≈≈≈≈≈≈≈≈≈≈≈
≈≈≈≈≈.≈)≈≈<..≈≈≈≈≈≈≈≈≈≈≈≈
≈≈≈≈P......##..≈≈≈≈≈≈≈≈≈≈
P≈≈≈..########.≈≈≈≈≈≈≈≈≈≈
P≈≈≈.## ##.≈≈≈≈≈≈≈≈≈


You could see a kraken and 3 tentacles.

Vanquished Creatures
  Norris (Snake:2)
  Saint Roka (Snake:2)
  Vashnia (Snake:2)
  A kraken (Shoals:3)
  9 greater nagas
  Maud (Lair:7)
  A frost giant (IceCv)
  An orc warlord (Orc:4)
  Azrael (Snake:1)
  A merfolk impaler (Shoals:3)
  The ghost of Yermak the Carver, a journeyman FoAr of Dithmenos (Lair:3)
  7 hydras
  21 naga warriors
  An ice dragon (Orc:3)
  2 catoblepae (Lair:8)
  2 centaur warriors (Shoals:2)
  3 merfolk avatars
  7 anacondas
  4 merfolk aquamancers
  12 death yaks
  2 satyrs (Shoals:3)
  4 orc high priests (Orc:4)
  21 naga sharpshooters
  The ghost of JustSomeDude the Covert, a novice DsAs of Dithmenos (Lair:1)
  12 shock serpents
  2 salamander mystics
  11 sea snakes
  An unseen horror (D:10)
  A fire crab (Lair:7)
  2 hill giants (D:10)
  10 naga ritualists
  3 orc sorcerers (Orc:4)
  3 oklob plants
  9 mana vipers
  4 orc knights
  3 water nymphs
  8 fauns
  15 manticores
  A deep elf conjurer (Orc:3)
  16 griffons
  8 harpies (Shoals:1)
  3 cyclopes (Shoals:2)
  2 sirens
  8 salamanders
  32 naga magi
  7 guardian serpents
  43 black mambas
  Joseph (D:10)
  A torpor snail (Lair:7)
  An ice statue (IceCv)
  13 elephants
  15 komodo dragons
  11 spiny frogs
  4 fire drakes
  6 trolls
  A queen bee (Lair:3)
  4 two-headed ogres
  17 polar bears
  19 merfolk
  6 blink frogs
  4 wind drakes
  10 snapping turtles
  7 wyverns
  Sigmund (D:5)
  3 deep elf magi
  20 water elementals
  85 yaks
  2 fire elementals (Snake:1)
  A steam dragon (Lair:8)
  11 basilisks
  10 deep elf fighters (Orc:3)
  A spriggan (D:7)
  The ghost of Nicoed the Charlatan, an amateur FoAr (D:6)
  18 hippogriffs
  Menkaure (Ossuary)
  30 wolves
  3 wargs
  17 water moccasins
  4 hell hounds (Snake:1)
  62 nagas
  3 swamp drakes (Lair:8)
  41 orc warriors
  11 ogres
  3 sky beasts
  18 porcupines
  3 phantoms
  4 ice beasts
  21 crocodiles
  Blork the orc (D:4)
  11 centaurs
  19 giant frogs
  2 scorpions
  39 killer bees
  3 electric eels
  A centaur zombie (D:9)
  10 hounds
  4 crimson imps
  A giant frog zombie (D:10)
  3 quasits
  A gnoll shaman (D:7)
  38 orc priests
  9 jellies
  29 orc wizards
  11 iguanas
  5 worker ants
  2 centaur simulacra (D:8)
  A giant frog simulacrum (D:8)
  14 sheep
  2 mummies (Ossuary)
  4 gnolls (D:7)
  A worker ant zombie (D:7)
  6 adders
  57 river rats
  13 oozes
  2 adder skeletons
  2 worms
  An adder simulacrum (D:8)
  10 giant geckos
  208 orcs
  7 bats
  8 goblins
  10 hobgoblins
  10 jackals
  4 quokkas
  2 giant cockroaches
  10 giant newts
  4 gnoll skeletons (Ossuary)
  2 gnoll zombies (Ossuary)
  2 goblin skeletons (Ossuary)
  2 goblin zombies (Ossuary)
  2 hobgoblin skeletons (Ossuary)
  3 hobgoblin zombies (Ossuary)
  A jackal zombie (D:5)
  7 kobolds
  3 kobold zombies (Ossuary)
  4 orc skeletons (Ossuary)
  3 orc zombies (Ossuary)
  9 rats
  A butterfly (Lair:6)
  A fungus (Lair:8)
  3 plants
  6 tentacles (Shoals:3)
1418 creatures vanquished.

Vanquished Creatures (others)
  A wolf (IceCv)
  A mummy (Ossuary)
  A river rat (Lair:8)
  An orc (Orc:4)
  2 gnoll skeletons (Ossuary)
  2 gnoll zombies (Ossuary)
  3 goblin skeletons (Ossuary)
  2 goblin zombies (Ossuary)
  2 hobgoblin skeletons (Ossuary)
  A hobgoblin zombie (Ossuary)
  A kobold skeleton (Ossuary)
  3 kobold zombies (Ossuary)
  2 orc skeletons (Ossuary)
  3 orc zombies (Ossuary)
  3 rat skeletons (Ossuary)
  A rat zombie (Ossuary)
  21 fungi
  8 plants
  7 tentacles (Shoals:3)
  796 tentacle segments (Shoals:3)
861 creatures vanquished.

Grand Total: 2279 creatures vanquished

Notes
Turn   | Place    | Note
--------------------------------------------------------------
     0 | D:1      | xeno23 the Naga Gladiator began the quest for the Orb.
     0 | D:1      | Reached XP level 1. HP: 19/19 MP: 1/1
   237 | D:1      | Reached XP level 2. HP: 23/26 MP: 2/2
   736 | D:2      | Reached XP level 3. HP: 28/32 MP: 3/3
  1329 | D:2      | Reached skill level 1 in Armour
  1507 | D:3      | Reached XP level 4. HP: 38/40 MP: 4/4
  1753 | D:3      | Reached skill level 4 in Long Blades
  1878 | D:3      | Found a shadowy altar of Dithmenos.
  2051 | D:4      | Noticed a sky beast
  2065 | D:4      | Found a sand-covered staircase.
  2073 | Ossuary  | Entered an ossuary
  2127 | Ossuary  | Reached XP level 5. HP: 43/46 MP: 5/5
  2334 | Ossuary  | Noticed Menkaure
  2343 | Ossuary  | Killed Menkaure
  2537 | D:4      | Killed a sky beast
  2537 | D:4      | Reached XP level 6. HP: 29/56 MP: 6/6
  2628 | D:4      | Noticed Blork the orc
  2646 | D:4      | Killed Blork the orc
  2646 | D:4      | Reached skill level 5 in Long Blades
  2906 | D:4      | Found a sparkling altar of Nemelex Xobeh.
  3002 | D:4      | Reached XP level 7. HP: 62/62 MP: 7/7
  3042 | D:5      | Entered Level 5 of the Dungeon
  3054 | D:5      | Noticed Sigmund
  3065 | D:5      | Killed Sigmund
  3135 | D:5      | Found a staircase to the Ecumenical Temple.
  3161 | Temple   | Entered the Ecumenical Temple
  3867 | D:5      | Reached skill level 6 in Long Blades
  4061 | D:6      | Noticed an angel
  4062 | D:6      | Found a glowing silver altar of Zin.
  4172 | D:6      | Found a white marble altar of Elyvilon.
  4247 | D:6      | Reached XP level 8. HP: 56/72 MP: 8/8
  4273 | D:6      | Found an opulent altar of Gozag.
  4595 | D:6      | Reached skill level 7 in Long Blades
  4719 | D:6      | Noticed Nicoed's ghost (amateur FoAr)
  4744 | D:6      | Killed Nicoed's ghost
  4744 | D:6      | Reached skill level 5 in Fighting
  4960 | D:6      | Found a basalt altar of Yredelemnul.
  5045 | D:7      | Found a blossoming altar of Fedhas.
  5114 | D:7      | Reached XP level 9. HP: 26/81 MP: 9/9
  5394 | D:7      | Reached skill level 5 in Dodging
  5554 | D:7      | Reached skill level 8 in Long Blades
  5591 | D:7      | Got an opal-encrusted scale mail
  5602 | D:7      | Identified the +3 scale mail of Death's Door {-Cast Int+9 Stlth-} (You found it on level 7 of the Dungeon)
  5778 | D:7      | Found a deep blue altar of Sif Muna.
  5869 | D:7      | Found a sacrificial altar of Ru.
  5872 | D:7      | Found a snail-covered altar of Cheibriados.
  6030 | D:8      | Found Kairchoc's Antique Armour Emporium.
  6038 | D:8      | Found an iron altar of Okawaru.
  6041 | D:7      | Found a glowing golden altar of the Shining One.
  6046 | D:7      | Became a worshipper of Cheibriados the Contemplative
  6057 | D:8      | Bought a blackened ring mail for 198 gold pieces
  6067 | D:8      | Identified the +3 ring mail of Twilight {Str+4} (You bought it in a shop on level 8 of the Dungeon)
  6094 | D:7      | HP: 4/82 [white imp (4)]
  6403 | D:8      | Reached skill level 9 in Long Blades
  6462 | D:8      | Reached skill level 5 in Armour
  6462 | D:8      | Reached XP level 10. HP: 61/92 MP: 10/10
  6480 | D:8      | Reached * piety under Cheibriados
  6716 | D:9      | Found a runed door.
  6806 | D:9      | Reached ** piety under Cheibriados
  6813 | D:9      | Learned a level 1 spell: Beastly Appendage
  6832 | D:9      | Found a runed door.
  6851 | D:9      | Found a runed door.
  6925 | D:9      | Found a runed door.
  7076 | D:9      | Noticed an ice statue
  7154 | D:10     | Entered Level 10 of the Dungeon
  7156 | D:10     | Found a staircase to the Orcish Mines.
  7252 | D:10     | Noticed a hill giant
  7253 | D:10     | Noticed a hill giant
  7267 | D:10     | Killed a hill giant
  7267 | D:10     | Reached skill level 1 in Shields
  7267 | D:10     | Reached skill level 1 in Spellcasting
  7267 | D:10     | Reached skill level 1 in Transmutations
  7278 | D:10     | Found a staircase to the Lair.
  7383 | D:10     | Noticed Joseph
  7400 | D:10     | Killed Joseph
  7400 | D:10     | Reached skill level 10 in Long Blades
  7493 | Lair:1   | Entered Level 1 of the Lair of Beasts
  7496 | Lair:1   | Reached *** piety under Cheibriados
  7807 | Lair:1   | Reached XP level 11. HP: 86/100 MP: 13/13
  8076 | Lair:1   | Reached skill level 1 in Invocations
  8130 | Lair:1   | Noticed JustSomeDude's ghost (novice DsAs)
  8152 | Lair:1   | Killed JustSomeDude's ghost
  9019 | Lair:1   | Gained mutation: Your magical capacity is low (-10% MP). [potion of mutation]
  9019 | Lair:1   | Gained mutation: You have a pair of small horns on your head. [potion of mutation]
  9041 | Lair:2   | Reached **** piety under Cheibriados
  9178 | Lair:2   | Reached skill level 11 in Long Blades
 10052 | Lair:3   | Reached XP level 12. HP: 95/111 MP: 13/13
 10160 | Lair:3   | Reached ***** piety under Cheibriados
 10166 | Lair:3   | Noticed Yermak's ghost (journeyman FoAr)
 10182 | Lair:3   | Killed Yermak's ghost
 10299 | Lair:3   | Got a fine cloak
 10310 | Lair:3   | Identified the +2 cloak "Zilleu" {rElec Dex+2} (You found it on level 3 of the Lair of Beasts)
 10351 | Lair:3   | Noticed an eight-headed hydra
 10507 | Lair:2   | Killed an 11-headed hydra
 10507 | Lair:2   | Reached skill level 5 in Invocations
 10539 | Lair:2   | Noticed an eight-headed hydra
 10642 | Lair:2   | Learned a level 4 spell: Ice Form
 10866 | Lair:3   | Reached skill level 1 in Ice Magic
 11048 | Lair:3   | Reached skill level 5 in Transmutations
 11641 | Lair:4   | Reached skill level 5 in Ice Magic
 12045 | Lair:4   | Noticed a six-headed hydra
 12052 | Lair:4   | HP: 3/134 [six-headed hydra (9)]
 12054 | Lair:4   | Killed a six-headed hydra
 12054 | Lair:4   | Gained mutation: You can use your snake-like lower body to constrict enemies. [Naga growth]
 12054 | Lair:4   | Reached XP level 13. HP: 4/120 MP: 6/15
 12657 | Lair:5   | Found a staircase to the Snake Pit.
 12938 | Lair:5   | Reached skill level 12 in Long Blades
 13019 | Lair:5   | Found an ancient bone altar of Kikubaaqudgha.
 13309 | Lair:6   | Found a staircase to the Shoals.
 13322 | Lair:6   | Found a bloodstained altar of Trog.
 13413 | Lair:6   | Reached ****** piety under Cheibriados
 13945 | Lair:6   | Got a spiked ring mail
 13956 | Lair:6   | Identified the +1 ring mail of Royalty {Str+5} (You found it on level 6 of the Lair of Beasts)
 14138 | Lair:7   | Noticed Maud
 14186 | Lair:7   | Killed Maud
 14382 | Lair:7   | Found a staircase to the Slime Pits.
 14638 | Lair:7   | Reached XP level 14. HP: 111/130 MP: 17/17
 14641 | Lair:7   | Reached skill level 13 in Long Blades
 15104 | Lair:8   | Entered Level 8 of the Lair of Beasts
 15113 | Lair:8   | Reached skill level 10 in Fighting
 15758 | Lair:8   | Reached skill level 14 in Long Blades
 15861 | Lair:8   | HP: 2/133 [death yak (17)]
 15862 | Lair:8   | Reached XP level 15. HP: 2/140 MP: 8/19
 16837 | D:10     | Killed a hill giant
 17009 | Orc:1    | Entered Level 1 of the Orcish Mines
 17767 | Orc:3    | Found a frozen archway.
 17826 | IceCv    | Entered an ice cave
 18349 | IceCv    | Noticed a frost giant
 18366 | IceCv    | Killed a frost giant
 18503 | IceCv    | Got a twisted plate armour
 18509 | IceCv    | Identified the +2 plate armour of Decompression {Int+4 Dex+5} (You found it in an ice cave)
 18516 | IceCv    | Learned a level 6 spell: Freezing Cloud
 18523 | IceCv    | Learned a level 6 spell: Bolt of Cold
 19332 | Orc:2    | Found Sumn's Magic Scroll Emporium.
 19341 | Orc:2    | Reached skill level 1 in Conjurations
 19389 | Orc:2    | Bought a scroll of teleportation for 36 gold pieces
 19389 | Orc:2    | Bought 3 scrolls of fog for 72 gold pieces
 19389 | Orc:2    | Bought a scroll of summoning for 114 gold pieces
 19389 | Orc:2    | Bought a scroll of summoning for 114 gold pieces
 19389 | Orc:2    | Bought a scroll of enchant armour for 90 gold pieces
 19389 | Orc:2    | Bought a scroll of identify for 24 gold pieces
 19389 | Orc:2    | Bought a scroll of identify for 24 gold pieces
 19389 | Orc:2    | Bought a scroll of enchant armour for 90 gold pieces
 19389 | Orc:2    | Bought a scroll of identify for 24 gold pieces
 19734 | Orc:1    | Found Bishrim's Food Boutique.
 19860 | Orc:4    | Entered Level 4 of the Orcish Mines
 19995 | Orc:4    | Found a roughly hewn altar of Beogh.
 20098 | Orc:4    | Found Veuqetes's Gadget Boutique.
 20122 | Orc:4    | Found Miotess's Book Shop.
 20141 | Orc:4    | Bought a book of Minor Magic for 220 gold pieces
 20141 | Orc:4    | Bought a book of Battle for 440 gold pieces
 20141 | Orc:4    | Bought a book of Party Tricks for 550 gold pieces
 20480 | Orc:4    | Identified a scroll of acquirement
 20568 | Orc:4    | Found a staircase to the Elven Halls.
 20632 | Orc:4    | Paralysed by an orc sorcerer for 7 turns
 20771 | Orc:4    | Reached XP level 16. HP: 147/154 MP: 20/20
 20784 | Orc:4    | Found a roughly hewn altar of Beogh.
 20815 | Orc:4    | Found Zudugodgh's Armour Shop.
 20891 | Orc:4    | Reached skill level 10 in Armour
 20996 | Orc:4    | Found Irawnick's General Store.
 21014 | Orc:4    | Bought a scroll of amnesia for 49 gold pieces
 21596 | Lair:1   | Learned a level 2 spell: Blink
 21599 | Lair:1   | Learned a level 2 spell: Repel Missiles
 21601 | Lair:1   | Learned a level 1 spell: Apportation
 21603 | Lair:1   | Learned a level 1 spell: Summon Butterflies
 21608 | Lair:1   | Learned a level 3 spell: Regeneration
 21714 | Snake:1  | Entered Level 1 of the Snake Pit
 21839 | Snake:1  | Reached skill level 1 in Translocations
 22904 | Snake:1  | Noticed Azrael
 22920 | Snake:1  | Killed Azrael
 23085 | Snake:2  | Noticed Norris
 23099 | Snake:2  | Killed Norris
 23205 | Snake:2  | Reached skill level 1 in Charms
 23344 | Snake:2  | Reached skill level 5 in Conjurations
 23360 | Snake:2  | Reached skill level 1 in Necromancy
 23545 | Snake:2  | Found a bloodstained altar of Trog.
 23590 | Snake:2  | Noticed Saint Roka
 23609 | Snake:2  | Killed Saint Roka
 23609 | Snake:2  | Reached XP level 17. HP: 86/163 MP: 22/22
 23850 | Snake:2  | Noticed Vashnia
 23871 | Snake:2  | Killed Vashnia
 23871 | Snake:2  | Reached skill level 10 in Invocations
 24712 | Snake:3  | Reached skill level 5 in Translocations
 24918 | Snake:3  | Reached skill level 5 in Spellcasting
 24988 | Snake:4  | Entered Level 4 of the Snake Pit
 25046 | Snake:4  | Reached skill level 10 in Dodging
 25550 | Snake:4  | Reached XP level 18. HP: 59/172 MP: 23/23
 25693 | Snake:4  | Gained mutation: You can exhale a cloud of poison. [potion of mutation]
 25693 | Snake:4  | Gained mutation: You possess an exceptional clarity of mind. [potion of mutation]
 25693 | Snake:4  | Gained mutation: Your spells are a little harder to cast, but a little more powerful. [potion of mutation]
 25998 | Snake:4  | Reached skill level 5 in Charms
 26216 | Snake:4  | Got a serpentine rune of Zot
 26926 | Shoals:1 | Entered Level 1 of the Shoals
 27308 | Shoals:1 | Reached skill level 1 in Air Magic
 27680 | Shoals:2 | Found Soetad's Assorted Antiques.
 27693 | Shoals:2 | Bought a glowing triple sword for 410 gold pieces
 27706 | Shoals:2 | Bought a scroll labeled ISES ICHOEQ for 41 gold pieces
 27710 | Shoals:2 | Bought a scroll of fear for 143 gold pieces
 27710 | Shoals:2 | Bought a potion of resistance for 410 gold pieces
 28060 | Shoals:2 | Gained mutation: Your muscles are strong. (Str +2) [potion of mutation]
 28060 | Shoals:2 | Gained mutation: Your mind is acute. (Int +2) [potion of mutation]
 28061 | Shoals:2 | Lost mutation: Your mind is acute. (Int +2) [potion of mutation]
 28113 | Shoals:2 | Reached XP level 19. HP: 170/182 MP: 26/26
 28791 | Shoals:3 | Reached skill level 15 in Long Blades
 29261 | Shoals:3 | HP: 9/182 [tentacle[a kraken] (16)]
 29261 | Shoals:3 | Slain by a tentacle

Action                   |  1- 3 |  4- 6 |  7- 9 | 10-12 | 13-15 | 16-18 | 19-21 || total
-------------------------+-------+-------+-------+-------+-------+-------+-------++-------
Melee: Long sword        |   115 |   175 |   451 |   905 |  1335 |   293 |       ||  3274
       Unarmed           |       |       |       |     2 |       |       |       ||     2
       Scimitar          |       |       |       |       |       |   727 |       ||   727
       Triple sword      |       |       |       |       |       |    56 |   169 ||   225
Throw: Throwing net      |       |     1 |     2 |     3 |     1 |       |       ||     7
       Javelin           |       |       |       |     9 |     6 |       |     2 ||    17
 Cast: Ice Form          |       |       |       |     1 |       |       |       ||     1
       Regeneration      |       |       |       |       |       |    17 |    15 ||    32
       Repel Missiles    |       |       |       |       |       |     9 |     1 ||    10
       Blink             |       |       |       |       |       |     3 |       ||     3
Invok: Bend Time         |       |       |       |     5 |       |       |       ||     5
       Slouch            |       |       |       |     7 |    16 |     2 |       ||    25
       Temporal Distorti |       |       |       |     1 |     1 |     6 |    10 ||    18
       Step From Time    |       |       |       |       |       |     1 |       ||     1
 Abil: Spit Poison       |     5 |    10 |    40 |    32 |     1 |     1 |       ||    89
       End Transformatio |       |       |       |       |     1 |       |       ||     1
Evoke: Wand              |       |       |     2 |     5 |     6 |     5 |       ||    18
  Use: Scroll            |       |     6 |     9 |    17 |    14 |    14 |     1 ||    61
       Potion            |       |       |     5 |     5 |     3 |     3 |       ||    16
 Stab: Invisible         |       |       |     1 |       |       |       |       ||     1
       Sleeping          |       |       |       |     1 |       |       |       ||     1
       Distracted        |       |       |       |     1 |       |     1 |       ||     2
       Petrified         |       |       |       |       |     2 |       |       ||     2
       Petrifying        |       |       |       |       |     1 |       |       ||     1
  Eat: Chunk             |     2 |     5 |    15 |    17 |    28 |    13 |     6 ||    86
       Fruit             |       |     1 |       |       |       |       |       ||     1
       Pizza             |       |       |     1 |     1 |     2 |       |       ||     4
       Beef jerky        |       |       |       |       |     3 |     3 |       ||     6
       Meat ration       |       |       |       |       |       |     1 |       ||     1
